APP
CHICAGO (APP) CUBS @ BILLINGS MUSTANGS
08/20/2048
 
TOP OF THE 1ST
Chicago (APP) Cubs batting - Pitching for Billings Mustangs : RHP Ryan Krause
Pitching: RHP Ryan Krause
Batting: SHB Jim Lloyd 0-0: Ball
1-0: Ball
2-0: Called Strike
2-1: Swinging Strike
2-2: Foul Ball, location: 2F
2-2: Foul Ball, location: 2F
2-2: Ground out U3 (Groundball, 34, EV 103.1 MPH)
Batting: RHB Dustin Goldsborough 0-0: Ball
1-0: Foul Ball, location: 2F
1-1: Ball
2-1: Foul Ball, location: 2F
2-2: Ball
3-2: Foul Ball, location: 2F
3-2: SOLO HOME RUN (Flyball, 78XD, EV 103.8 MPH), Distance : 397 ft
Batting: RHB Andy Baumhardt 0-0: Called Strike
0-1: Ball
1-1: Swinging Strike
1-2: Strikes out swinging
Batting: RHB Juan Lira 0-0: Ball
1-0: Called Strike
1-1: Called Strike
1-2: Strikes out swinging
Top of the 1st over - 1 run, 1 hit, 0 errors, 0 left on base; Chicago (APP) 1 - Billings 0
BOTTOM OF THE 1ST
Billings Mustangs batting - Pitching for Chicago (APP) Cubs : RHP Bobby Almonte
Pitching: RHP Bobby Almonte
Batting: RHB Alex de Leon 0-0: Called Strike
0-1: Called Strike
0-2: Strikes out swinging
Batting: RHB Alex Juarez 0-0: Swinging Strike
0-1: Ground out 2-3 (Groundball, 15S, EV 73.8 MPH)
Batting: SHB David Garnica 0-0: Swinging Strike
0-1: Called Strike
0-2: Ball
1-2: Ball
2-2: Ball
3-2: Foul Ball, location: 2F
3-2: Base on Balls
Batting: RHB Alex Villagomez 0-0: Called Strike
David Garnica steals 2nd base
0-1: Ball
1-1: 2-RUN HOME RUN (Flyball, 7D, EV 100.0 MPH), Distance : 363 ft
Batting: RHB Ji-an See-to 0-0: Ball
1-0: SOLO HOME RUN (Line Drive, 7D, EV 100.0 MPH), Distance : 367 ft
Batting: RHB Gabriel Arias 0-0: Ball
1-0: Fly out, F6 (Popup, P, EV 88.1 MPH)
Bottom of the 1st over - 3 runs, 2 hits, 0 errors, 0 left on base; Chicago (APP) 1 - Billings 3
TOP OF THE 2ND
Chicago (APP) Cubs batting - Pitching for Billings Mustangs : RHP Ryan Krause
Batting: LHB Jose Mafano 0-0: Ball
1-0: Hit by Pitch
Batting: RHB Andy Villarreal 0-0: Ball
1-0: Swinging Strike
1-1: Ball
2-1: Ball
3-1: Base on Balls
Jose Mafano to second
Batting: RHB Jorge Gonzalez 0-0: Called Strike
0-1: Called Strike
0-2: Strikes out swinging
Batting: RHB Lencho Otieno 0-0: Called Strike
0-1: Fielders Choice at 2nd, 6-4 (Groundball, 6, EV 98.8 MPH)
Jose Mafano to third
Batting: RHB Masato Iwase 0-0: Called Strike
0-1: Called Strike
0-2: Ball
1-2: Ball
2-2: Ball
3-2: Strikes out looking
Top of the 2nd over - 0 runs, 0 hits, 0 errors, 2 left on base; Chicago (APP) 1 - Billings 3
BOTTOM OF THE 2ND
Billings Mustangs batting - Pitching for Chicago (APP) Cubs : RHP Bobby Almonte
Batting: LHB Alex Ramos 0-0: Called Strike
0-1: Called Strike
0-2: SOLO HOME RUN (Flyball, 8LXD, EV 115.6 MPH), Distance : 431 ft
Batting: RHB Will Trudeau 0-0: SINGLE (Groundball, 34S, EV 66.2 MPH) (infield hit)
Batting: RHB Kevin Larner 0-0: Ball
1-0: Ball
2-0: Ball
3-0: Called Strike
3-1: Base on Balls
Will Trudeau to second
Batting: RHB Alex de Leon 0-0: Ball
Wild Pitch!
Will Trudeau to third
Kevin Larner to second
1-0: Ball
2-0: Fly out, F9 (Flyball, 89M, EV 80.0 MPH)
Batting: RHB Alex Juarez 0-0: Ball
1-0: Ball
2-0: Ball
3-0: Base on Balls
Batting: SHB David Garnica 0-0: GRAND SLAM HOME RUN (Flyball, 89XD, EV 102.5 MPH), Distance : 394 ft
Batting: RHB Alex Villagomez 0-0: SINGLE (Groundball, 34S, EV 64.4 MPH) (infield hit)
Batting: RHB Ji-an See-to 0-0: Ball
1-0: Ball
2-0: Ball
3-0: Base on Balls
Alex Villagomez to second
Batting: RHB Gabriel Arias 0-0: DOUBLE (Flyball, 89D, EV 106.2 MPH)
Alex Villagomez scores
Ji-an See-to to third
Batting: LHB Alex Ramos 0-0: Ball
1-0: Foul Ball, location: 2F
1-1: Ball
2-1: Ball
3-1: Foul Ball, location: 2F
3-2: Foul Ball, location: 2F
3-2: Base on Balls
Batting: RHB Will Trudeau 0-0: Called Strike
0-1: Swinging Strike
0-2: Ball
1-2: Ball
2-2: Ball
3-2: Base on Balls
Ji-an See-to scores
Gabriel Arias to third
Alex Ramos to second
Batting: RHB Kevin Larner 0-0: Ball
1-0: Ball
2-0: Ball
3-0: Foul Ball, location: 2F
3-1: Base on Balls
Gabriel Arias scores
Alex Ramos to third
Will Trudeau to second
Batting: RHB Alex de Leon 0-0: Reached on error, E6 (Groundball, 6, EV 89.4 MPH)
Alex Ramos scores
Will Trudeau to third
Kevin Larner to second
Batting: RHB Alex Juarez 0-0: Fly out, F8 (Line Drive, 8LD, EV 98.1 MPH)
Batting: SHB David Garnica 0-0: Foul Ball, location: 2F
0-1: SINGLE (Line Drive, 78M, EV 93.8 MPH)
Will Trudeau scores
Kevin Larner to third
Alex de Leon to second
Runner from 3rd tries for Home, SAFE, throw by LF to home
Batting: RHB Alex Villagomez 0-0: SINGLE (Line Drive, 78M, EV 103.1 MPH)
Alex de Leon to third
David Garnica to second
Batting: RHB Ji-an See-to 0-0: Ball
1-0: Ball
2-0: Ball
3-0: Called Strike
3-1: Base on Balls
Alex de Leon scores
David Garnica to third
Alex Villagomez to second
Batting: RHB Gabriel Arias 0-0: Called Strike
0-1: Ball
1-1: Swinging Strike
1-2: Ball
2-2: Strikes out swinging
Bottom of the 2nd over - 12 runs, 7 hits, 1 error, 3 left on base; Chicago (APP) 1 - Billings 15
TOP OF THE 3RD
Chicago (APP) Cubs batting - Pitching for Billings Mustangs : RHP Ryan Krause
Batting: SHB Jim Lloyd 0-0: Foul Ball, location: 2F
0-1: Swinging Strike
0-2: Ball
1-2: Ball
2-2: Ground out 4-3 (Groundball, 4, EV 78.8 MPH)
Batting: RHB Dustin Goldsborough 0-0: Swinging Strike
0-1: Fly out, F7 (Flyball, 7S, EV 75.0 MPH)
Batting: RHB Andy Baumhardt 0-0: Ball
1-0: Ball
2-0: Swinging Strike
2-1: Ball
3-1: SINGLE (Groundball, P, EV 89.4 MPH) (infield hit)
Batting: RHB Juan Lira 0-0: Called Strike
0-1: Ball
1-1: Ball
2-1: Ball
3-1: Base on Balls
Andy Baumhardt to second
Batting: LHB Jose Mafano 0-0: Ball
1-0: Ball
2-0: SINGLE (Line Drive, 78S, EV 104.4 MPH)
Andy Baumhardt to third
Juan Lira to second
Batting: RHB Andy Villarreal 0-0: Called Strike
0-1: Swinging Strike
0-2: Ball
1-2: Ball
2-2: SINGLE (Flyball, 5D, EV 90.0 MPH)
Andy Baumhardt scores
Juan Lira to third
Jose Mafano to second
Runner from 3rd tries for Home, SAFE, throw by LF to home
Batting: RHB Jorge Gonzalez 0-0: Ball
1-0: Called Strike
1-1: Fly out, F8 (Flyball, 8LM, EV 81.2 MPH)
Top of the 3rd over - 2 runs, 3 hits, 0 errors, 2 left on base; Chicago (APP) 3 - Billings 15
BOTTOM OF THE 3RD
Billings Mustangs batting - Pitching for Chicago (APP) Cubs : RHP Bobby Almonte
Batting: LHB Alex Ramos 0-0: SINGLE (Groundball, 56D, EV 102.5 MPH)
Batting: RHB Will Trudeau 0-0: Fly out, F7 (Flyball, 78S, EV 87.5 MPH)
Batting: RHB Kevin Larner 0-0: Grounds into double play, 5-4-3 (Groundball, 56, EV 109.4 MPH)
Bottom of the 3rd over - 0 runs, 1 hit, 0 errors, 0 left on base; Chicago (APP) 3 - Billings 15
TOP OF THE 4TH
Chicago (APP) Cubs batting - Pitching for Billings Mustangs : RHP Ryan Krause
Batting: RHB Lencho Otieno 0-0: Called Strike
0-1: Swinging Strike
0-2: Strikes out looking
Batting: RHB Masato Iwase 0-0: Called Strike
0-1: Ground out 3-1 (Groundball, 34, EV 103.8 MPH)
Batting: SHB Jim Lloyd 0-0: Ball
1-0: Called Strike
1-1: Foul Ball, location: 2F
1-2: Ground out U3 (Groundball, 13, EV 86.9 MPH)
Top of the 4th over - 0 runs, 0 hits, 0 errors, 0 left on base; Chicago (APP) 3 - Billings 15
BOTTOM OF THE 4TH
Billings Mustangs batting - Pitching for Chicago (APP) Cubs : RHP Bobby Almonte
Batting: RHB Alex de Leon 0-0: Ball
1-0: Swinging Strike
1-1: Ball
2-1: Ball
3-1: Base on Balls
Batting: RHB Alex Juarez 0-0: Swinging Strike
0-1: SINGLE (Line Drive, 9S, EV 109.4 MPH)
Alex de Leon to second
Batting: SHB David Garnica 0-0: Foul Ball, location: 2F
0-1: Swinging Strike
0-2: SINGLE (Groundball, 3D, EV 97.5 MPH)
Alex de Leon to third
Alex Juarez to second
Runner from 3rd tries for Home, SAFE, throw by RF to home
Batting: RHB Alex Villagomez 0-0: Grounds into double play, 6-4-3 (Groundball, 6, EV 104.4 MPH)
Alex Juarez to third
Batting: RHB Ji-an See-to 0-0: Ball
1-0: SINGLE (Flyball, 78S, EV 94.4 MPH)
Alex Juarez scores
Batting: RHB Gabriel Arias 0-0: Ball
1-0: Foul Ball, location: 2F
1-1: Ball
2-1: Foul Ball, location: 2F
2-2: Foul Ball, location: 2F
2-2: Foul Ball, location: 2F
2-2: Foul Ball, location: 2F
2-2: Strikes out swinging
Bottom of the 4th over - 2 runs, 3 hits, 0 errors, 1 left on base; Chicago (APP) 3 - Billings 17
TOP OF THE 5TH
Chicago (APP) Cubs batting - Pitching for Billings Mustangs : RHP Ryan Krause
Batting: RHB Dustin Goldsborough 0-0: Called Strike
0-1: Ball
1-1: Foul Ball, location: 2F
1-2: Ball
2-2: Ball
3-2: SINGLE (Groundball, 25, EV 76.9 MPH) (infield hit)
Batting: RHB Andy Baumhardt 0-0: Called Strike
0-1: Ball
1-1: Ball
2-1: Swinging Strike
2-2: Foul Ball, location: 2F
2-2: SINGLE (Groundball, 6D, EV 98.1 MPH)
Dustin Goldsborough to second
Pitching: RHP Jeff Buchanan
Batting: RHB Juan Lira 0-0: Called Strike
0-1: Foul Ball, location: 2F
0-2: Strikes out swinging
Batting: LHB Jose Mafano 0-0: Called Strike
0-1: Swinging Strike
0-2: Ball
1-2: Grounds into double play, 5-4-3 (Groundball, 5, EV 100.6 MPH)
Top of the 5th over - 0 runs, 2 hits, 0 errors, 1 left on base; Chicago (APP) 3 - Billings 17
BOTTOM OF THE 5TH
Billings Mustangs batting - Pitching for Chicago (APP) Cubs : RHP Bobby Almonte
Batting: LHB Alex Ramos 0-0: Called Strike
0-1: Ball
1-1: Foul Ball, location: 2F
1-2: Strikes out swinging
Batting: RHB Will Trudeau 0-0: Foul Ball, location: 2F
0-1: Fly out, F8 (Flyball, 8LD, EV 100.6 MPH)
Batting: RHB Kevin Larner 0-0: Ball
1-0: SINGLE (Groundball, 4D, EV 96.2 MPH)
Batting: RHB Alex de Leon 0-0: 2-RUN HOME RUN (Flyball, 8LXD, EV 116.2 MPH), Distance : 468 ft
Batting: RHB Alex Juarez 0-0: SINGLE (Groundball, 13, EV 90.0 MPH) (infield hit)
Batting: SHB David Garnica 0-0: Swinging Strike
0-1: Ground out 4-3 (Groundball, 4, EV 99.4 MPH)
Bottom of the 5th over - 2 runs, 3 hits, 0 errors, 1 left on base; Chicago (APP) 3 - Billings 19
TOP OF THE 6TH
Chicago (APP) Cubs batting - Pitching for Billings Mustangs : RHP Jeff Buchanan
Batting: RHB Andy Villarreal 0-0: Called Strike
0-1: Ball
1-1: Reached via error on a dropped throw from C, E3 (Groundball, 15S, EV 69.4 MPH)
Batting: RHB Jorge Gonzalez 0-0: Swinging Strike
0-1: Foul Ball, location: 2F
0-2: Strikes out swinging
Batting: RHB Lencho Otieno 0-0: Ball
Andy Villarreal steals 2nd base
1-0: Foul Ball, location: 2F
1-1: Ball
2-1: Ball
3-1: Ground out 4-3 (Groundball, 4M, EV 98.8 MPH)
Andy Villarreal to third
Batting: RHB Masato Iwase 0-0: Ball
1-0: Foul Ball, location: 2F
1-1: Swinging Strike
1-2: Ball
2-2: Strikes out swinging
Top of the 6th over - 0 runs, 0 hits, 1 error, 1 left on base; Chicago (APP) 3 - Billings 19
BOTTOM OF THE 6TH
Billings Mustangs batting - Pitching for Chicago (APP) Cubs : RHP Bobby Almonte
Batting: RHB Alex Villagomez 0-0: Fly out, F8 (Flyball, 78XD, EV 106.2 MPH)
Batting: RHB Ji-an See-to 0-0: Ball
1-0: SOLO HOME RUN (Flyball, 78XD, EV 105.6 MPH), Distance : 392 ft
Batting: RHB Gabriel Arias 0-0: Called Strike
0-1: Foul Ball, location: 2F
0-2: Ball
1-2: Foul Ball, location: 2F
1-2: Ball
2-2: Foul Ball, location: 2F
2-2: Ball
3-2: Foul Ball, location: 2F
3-2: Base on Balls
Batting: LHB Alex Ramos 0-0: Ball
1-0: Called Strike
1-1: Swinging Strike
1-2: Foul Ball, location: 2F
1-2: Ball
2-2: Ball
3-2: Strikes out swinging
Batting: RHB Will Trudeau 0-0: Ball
1-0: Called Strike
1-1: Swinging Strike
1-2: Ball
2-2: Ball
3-2: Strikes out swinging
Bottom of the 6th over - 1 run, 1 hit, 0 errors, 1 left on base; Chicago (APP) 3 - Billings 20
TOP OF THE 7TH
Chicago (APP) Cubs batting - Pitching for Billings Mustangs : RHP Jeff Buchanan
Batting: SHB Jim Lloyd 0-0: Ball
1-0: Foul Ball, location: 2F
1-1: Foul Ball, location: 2F
1-2: Strikes out swinging
Batting: RHB Dustin Goldsborough 0-0: Called Strike
0-1: Ball
1-1: Foul Ball, location: 2F
1-2: Ball
2-2: Ball
3-2: Strikes out looking
Batting: RHB Andy Baumhardt 0-0: Ball
1-0: Ball
2-0: Called Strike
2-1: Called Strike
2-2: Ball
3-2: Strikes out swinging
Top of the 7th over - 0 runs, 0 hits, 0 errors, 0 left on base; Chicago (APP) 3 - Billings 20
BOTTOM OF THE 7TH
Billings Mustangs batting - Pitching for Chicago (APP) Cubs : RHP Bobby Almonte
Pinch Hitting: RHB Fred Barbour 0-0: Ball
1-0: Ground out 5-3 (Groundball, 56, EV 100.6 MPH)
Batting: RHB Alex de Leon 0-0: Ball
1-0: Ball
2-0: Ball
3-0: Base on Balls
Batting: RHB Alex Juarez 0-0: Ball
1-0: SINGLE (Groundball, 6MD, EV 96.2 MPH)
Alex de Leon to second
Runner from 2nd tries for 3rd, SAFE, no throw by CF
Pinch Hitting: LHB William Matthews 0-0: Ball
1-0: Ball
2-0: Foul Ball, location: 2F
2-1: Ball
3-1: Base on Balls
Alex Juarez to second
Batting: RHB Alex Villagomez 0-0: SINGLE (Flyball, 78S, EV 91.2 MPH)
Alex de Leon scores
Alex Juarez to third
William Matthews to second
Batting: RHB Ji-an See-to 0-0: Ball
1-0: Foul Ball, location: 2F
1-1: Reached on error, E3 (Groundball, 13, EV 87.5 MPH)
Alex Juarez scores
William Matthews to third
Alex Villagomez to second
Batting: RHB Gabriel Arias 0-0: Ball
1-0: Ball
2-0: Called Strike
2-1: Foul Ball, location: 2F
2-2: Strikes out looking
Batting: LHB Alex Ramos 0-0: Called Strike
0-1: Ball
1-1: Ball
2-1: Called Strike
2-2: Ball
Wild Pitch!
William Matthews scores
Alex Villagomez to third
Ji-an See-to to second
3-2: Foul Ball, location: 2F
3-2: Base on Balls
Batting: RHB Will Trudeau 0-0: Ball
1-0: Ball
2-0: Ball
3-0: Base on Balls
Alex Villagomez scores
Ji-an See-to to third
Alex Ramos to second
Batting: RHB Fred Barbour 0-0: Fly out, F4 (Line Drive, 4M, EV 69.4 MPH)
Bottom of the 7th over - 4 runs, 2 hits, 1 error, 3 left on base; Chicago (APP) 3 - Billings 24
TOP OF THE 8TH
Chicago (APP) Cubs batting - Pitching for Billings Mustangs : RHP Jeff Buchanan
Pitching: RHP Cortez Restrepo
Now at 1B: Fred Barbour
Now in LF: William Matthews
Batting: RHB Juan Lira 0-0: Fly out, F9 (Flyball, 9LMF, EV 90.0 MPH)
Batting: LHB Jose Mafano 0-0: Foul Ball, location: 2F
0-1: Ground out 5-3 (Groundball, 5L, EV 108.8 MPH)
Batting: RHB Andy Villarreal 0-0: Ground out U3 (Groundball, 3, EV 81.2 MPH)
Top of the 8th over - 0 runs, 0 hits, 0 errors, 0 left on base; Chicago (APP) 3 - Billings 24
BOTTOM OF THE 8TH
Billings Mustangs batting - Pitching for Chicago (APP) Cubs : RHP Bobby Almonte
Batting: RHB Alex de Leon 0-0: SOLO HOME RUN (Flyball, 89XD, EV 108.8 MPH), Distance : 414 ft
Batting: RHB Alex Juarez 0-0: Fly out, F8 (Line Drive, 8RS, EV 94.4 MPH)
Batting: LHB William Matthews 0-0: SINGLE (Line Drive, 5D, EV 95.6 MPH)
Batting: RHB Alex Villagomez 0-0: 2-RUN HOME RUN (Flyball, 7D, EV 98.1 MPH), Distance : 375 ft
Batting: RHB Ji-an See-to 0-0: Called Strike
0-1: Ball
1-1: Called Strike
1-2: Foul Ball, location: 2F
1-2: Ball
2-2: Ball
3-2: Strikes out looking
Batting: RHB Gabriel Arias 0-0: SINGLE (Groundball, 6MD, EV 108.8 MPH)
Batting: LHB Alex Ramos 0-0: Ball
1-0: Called Strike
1-1: Swinging Strike
1-2: Ball
2-2: Ball
3-2: Base on Balls
Gabriel Arias to second
Batting: RHB Will Trudeau 0-0: SINGLE (Flyball, 8RS, EV 84.4 MPH)
Gabriel Arias to third
Alex Ramos to second
Runner from 3rd tries for Home, SAFE, throw by CF to home
Pinch Hitting: RHB Wayne Watson 0-0: Ball
1-0: Ball
2-0: Ball
3-0: Called Strike
3-1: Base on Balls
Alex Ramos to third
Will Trudeau to second
Batting: RHB Alex de Leon 0-0: SINGLE (Flyball, 3D, EV 91.2 MPH)
Alex Ramos scores
Will Trudeau to third
Wayne Watson to second
Runner from 3rd tries for Home, throw by RF and OUT! 9-2
Bottom of the 8th over - 5 runs, 6 hits, 0 errors, 2 left on base; Chicago (APP) 3 - Billings 29
TOP OF THE 9TH
Chicago (APP) Cubs batting - Pitching for Billings Mustangs : RHP Cortez Restrepo
Now at 1B: Wayne Watson
Batting: RHB Jorge Gonzalez 0-0: Swinging Strike
0-1: Ball
1-1: Swinging Strike
1-2: Ball
2-2: Foul Ball, location: 2F
2-2: Strikes out swinging
Batting: RHB Lencho Otieno 0-0: Ground out 6-3 (Groundball, 6, EV 78.8 MPH)
Batting: RHB Masato Iwase 0-0: Ball
1-0: Ball
2-0: Ball
3-0: Foul Ball, location: 2F
3-1: Called Strike
3-2: Strikes out swinging
Top of the 9th over - 0 runs, 0 hits, 0 errors, 0 left on base; Chicago (APP) 3 - Billings 29
Tuesday, March 28th , 2023 - OOTP Baseball 23.10 Build 110